cohdb
Replays
Latest Replays
All Replays
Popular Replays
Top Player Replays
Match Explorer
How It Works
Community
CoH3 Stats
Reddit
Sign in to upload your games and track your stats! →
Sign in with Steam
Match 42797457
Unlisted
Match 42797457
Overview
Messages
Build Orders
End
Selects Armored Support Battlegroup
Panzergrenadier Squad
250 Light Carrier
Panzergrenadier Squad
Panzergrenadier Squad
250 Light Carrier
Selects Veteran Gunners
Construct Light Support Kompanie
Combat Half-tracks
MG34 Team
Assault Mechanized Group
2.5-tonne Medical Truck
Panzerjäger Squad
Selects Flammpanzer III Medium Tank
Panzerjäger Squad
Flammpanzer III Medium Tank
Construct Mechanized Kompanie
Marder III Tank Destroyer
Construct Panzerarmee Kommand
Selects Vehicle Awareness
Walking Stuka Rocket Launcher
Selects Panzer Storm
Panzer III L Medium Tank
Panzergrenadier Squad
Armored Reserves
Tungsten Core Ammunition
Selects Stuka Dive Bomb
Panzer IV Assault Group
Panzergrenadier Squad
Stuka Dive Bomb
Panzer III L Medium Tank
Selects Command Panzer IV F Medium Tank
Vehicle Survival Package
Rapid Advance
Panzer Storm
Stuka Dive Bomb
KiabálósGaming
paavali
anioki
il1ch
JVM
samurai.g
n1ck123
Suikast
0
0
Comments
sign in to comment!
No comments posted yet!